 Dungeon Crawl Stone Soup version 0.29.0-13-gc9e81de378 (webtiles) character file.

Game seed: 10830721735260250116

113 Descartes the Shield-Bearer (level 5, 0/41 HPs)
             Began as a Formicid Fighter on Sept 7, 2022.
             Slain by a gnoll
             ... wielding a +0 club
              (2 damage)
             ... on level 2 of the Dungeon.
             The game lasted 00:04:52 (2360 turns).

Descartes the Shield-Bearer (Formicid Fighter)      Turns: 2360, Time: 00:04:52

Health: 0/41       AC:  7    Str: 23    XL:     5   Next: 17%
Magic:  5/5        EV:  9    Int:  7    God:
Gold:   185        SH:  5    Dex: 13    Spells: 4/4 levels left

rFire   . . .      SeeInvis +   a - +0 war axe
rCold   . . .      Faith    .   c - +0 buckler
rNeg    . . .      Spirit   .   b - +0 scale mail
rPois   .          Reflect  .   (helmet unavailable)
rElec   .          Harm     .   (no cloak)
rCorr   .          Rampage  .   (no gloves)
Will    .....                   (no boots)
Stlth   ..........              (no amulet)
HPRegen 0.13/turn               (no ring)
MPRegen 0.09/turn               (no ring)

@: no status effects
A: permanent stasis, dig shafts and tunnels, antennae 3, four strong arms
a: Dig, Shaft Self


You were on level 2 of the Dungeon.
You visited 1 branch of the dungeon, and saw 3 of its levels.

You collected 185 gold pieces.

Inventory:

Hand Weapons
 a - a +0 war axe (weapon)
Armour
 b - a +0 scale mail (worn)
 c - a +0 buckler (worn)
Jewellery
 i - a +6 ring of dexterity
Scrolls
 e - a scroll of blinking {unknown}
 h - a scroll of torment {unknown}
 k - 2 scrolls of poison {unknown}
 n - a scroll of identify {unknown}
 o - 2 scrolls of enchant weapon {unknown}
 p - 3 scrolls of teleportation {unknown}
 q - a scroll of fear {unknown}
 s - a scroll of summoning {unknown}
 u - a scroll of immolation {unknown}
Potions
 d - a potion of might
 f - 2 potions of attraction {unknown}
 g - a potion of heal wounds {unknown}
 j - 2 potions of lignification {unknown}
 l - 2 potions of ambrosia {unknown}
 m - a potion of cancellation {unknown}
 r - a potion of curing {unknown}
 t - a potion of degeneration {unknown}


   Skills:
 - Level 3.2 Fighting
 + Level 2.8(3.3) Axes
 + Level 1.6(2.4) Maces & Flails
 + Level 1.7(2.5) Polearms
 + Level 4.0 Armour
 + Level 4.8 Shields


You had 4 spell levels left.
You didn't know any spells.
Your spell library was empty.

Dungeon Overview and Level Annotations

Branches:
Dungeon (3/15)

Altars:
Ashenzari
Dithmenos
Ru
Uskayaw
Vehumet


Innate Abilities, Weirdness & Mutations

You cannot be hasted, slowed, berserked, paralysed or teleported.
You can dig through walls and to a lower floor.
You have a pair of large antennae on your head. (SInv)
Your four strong arms can wield two-handed weapons with a shield.


Message History

The gnoll attacks as you move away! The gnoll barely misses you.
The gnoll attacks as you move away! The gnoll closely misses you.
The gnoll attacks as you move away! You block the gnoll's attack.
The gnoll attacks as you move away! The gnoll completely misses you.
The gnoll attacks as you move away! You block the gnoll's attack.
The gnoll attacks as you move away! The gnoll hits you but does no damage.
You see here 5 javelins.
The gnoll attacks as you move away! The gnoll hits you with a +0 club.
* * * LOW HITPOINT WARNING * * *
The gnoll attacks as you move away! The gnoll hits you but does no damage.
The gnoll attacks as you move away! The gnoll hits you with a +0 club.
* * * LOW HITPOINT WARNING * * *
The gnoll attacks as you move away! The gnoll closely misses you.
The gnoll attacks as you move away! You block the gnoll's attack.
The gnoll attacks as you move away! The gnoll hits you but does no damage.
The gnoll attacks as you move away! You block the gnoll's attack.
The gnoll attacks as you move away! The gnoll hits you but does no damage.
The gnoll attacks as you move away! You block the gnoll's attack.
The gnoll attacks as you move away! The gnoll hits you with a +0 club.
* * * LOW HITPOINT WARNING * * *
The gnoll attacks as you move away! The gnoll hits you but does no damage.
The gnoll attacks as you move away! The gnoll hits you but does no damage.
The gnoll attacks as you move away! The gnoll hits you with a +0 club.
* * * LOW HITPOINT WARNING * * *
The gnoll attacks as you move away! The gnoll hits you with a +0 club.
* * * LOW HITPOINT WARNING * * *
The gnoll attacks as you move away! The gnoll barely misses you.
The gnoll attacks as you move away! You block the gnoll's attack.
The gnoll attacks as you move away! You block the gnoll's attack.
The gnoll attacks as you move away! The gnoll hits you with a +0 club.
* * * LOW HITPOINT WARNING * * *
The gnoll attacks as you move away! You block the gnoll's attack.
There is a stone staircase leading up here.
The gnoll hits you but does no damage.
You climb upwards.
There is a stone staircase leading down here.
You slash the gnoll!
The gnoll is severely wounded.
The gnoll hits you with a +0 club.
You die...

.# ##...)...≈# ##.#
.##### ##......≈# ##..#
.....## ####.)~≈# #..##
####..## ##..≈# #.##
##..## #.#≈# #.#
##..#######)### #.# #
##......##..######.# ##
######........).#.# .#
######....@g....#.#
.######...##.......)..#.#
).......#.............#.#
######..####..........#.#
..........#...########..#
#########.#...# #.##
#>#...# #.#
#########.....# #.#
..............### #.#


You could see a gnoll.

Vanquished Creatures
  A gnoll (D:3)
  5 adders
  3 worms (D:2)
  A dart slug (D:3)
  2 ball pythons
  4 endoplasms
  2 giant cockroaches
  3 goblins (D:2)
  2 hobgoblins
  6 jackals
  4 quokkas
  8 bats
  A frilled lizard (D:1)
  4 kobolds
  2 rats
48 creatures vanquished.

Notes
Turn   | Place    | Note
-------+----------+-------------------------------------------
     0 | D:1      | Descartes the Formicid Fighter began the quest for the Orb.
     0 | D:1      | Reached XP level 1. HP: 18/18 MP: 1/1
   188 | D:1      | Reached XP level 2. HP: 24/24 MP: 2/2
   691 | D:2      | Reached XP level 3. HP: 29/29 MP: 3/3
   714 | D:2      | Reached skill level 1 in Maces & Flails
   714 | D:2      | Reached skill level 1 in Polearms
   722 | D:2      | Reached XP level 4. HP: 25/35 MP: 4/4
  1077 | D:2      | Found a broken altar of Ashenzari.
  1755 | D:3      | Found a hide-covered altar of Uskayaw.
  1755 | D:3      | Found a shadowy altar of Dithmenos.
  1755 | D:3      | Found a sacrificial altar of Ru.
  1886 | D:3      | Found a radiant altar of Vehumet.
  1921 | D:3      | Reached XP level 5. HP: 33/41 MP: 5/5
  2118 | D:3      | Found a faded altar of an unknown god.
  2347 | D:3      | HP: 2/41 [gnoll/+0 club (2)]
  2355 | D:3      | HP: 1/41 [gnoll/+0 club (2)]
  2360 | D:2      | Slain by a gnoll

Illustrated notes

Levels and vault maps discovered:
D:1:      spicycebolla_green_bress_n_ham, layout_rooms, minmay_misc_feat_iff,
          nrook_mini_vaults
D:2:      layout_rooms, serial_rivers, chequers_serial_rivers_small_a,
          chequers_serial_rivers_micro_b, chequers_serial_rivers_micro_e,
          chequers_serial_rivers_small_a, basic_altar
D:3:      layout_basic, gammafunk_temple_overflow_claw,
          mainiacjoe_overflow_boulevard, shapermc_ecumenical_altar_mp_vishouse

Skill      XL: |  1  2  3  4  5 |
---------------+----------------+-----
Maces & Flails | 1 |  1.6
Polearms       | 1 |  1.7
Armour         | 4 |  4.0
Fighting       | |  3.2
Axes           | |  2.8
Shields        | |  4.8

Action                   |  1- 3 |  4- 6 || total
-------------------------+-------+-------++-------
Melee: War axe           |    49 |    90 ||   139
Armor: Scale mail        |    32 |    64 ||    96
Dodge: Dodged            |    37 |    48 ||    85
Block: Buckler           |    15 |    34 ||    49
